 Dungeon Crawl Stone Soup version bcrawl-1.12.2 (webtiles) character file.

Game seed: 149388189644392018

90 RedPan the Insei (level 4, 0/35 HPs)
             Began as a Demonspawn Monk on July 19, 2019.
             Succumbed to an adder's poison
             ... in a sewer.
             The game lasted 00:05:02 (2811 turns).

RedPan the Insei (Demonspawn Monk)                  Turns: 2811, Time: 00:05:03

Health: 0/35       AC:  3    Str: 17    XL:     4   Next: 32%
Magic:  0/6        EV: 11    Int: 12    God:
Gold:   160        SH:  0    Dex: 15    Spells: 3/3 levels left

rFire    . . .     SeeInvis .     - Unarmed
rCold    . . .     Gourm    .   (no shield)
rNeg     . . .     Faith    .   a - +1 robe
rPois    .         Spirit   +   b - +0 hat
rElec    .         Reflect  .   (no cloak)
rCorr    .         Harm     .   (no gloves)
MR       .....     Rnd*Tele +   (no boots)
Stlth    +.........             c - amulet of guardian spirit
HPRegen  0.11/turn              h - ring of teleportation (curse)
MPRegen  0.10/turn              (no ring)

@: mighty, lethally poisoned (0 -> -4), about to teleport, constricted, very
slow
A: horns 2, rot immunity
a: no special abilities


You were in a sewer.
You were hungry.

You visited 1 branch of the dungeon, and saw 3 of its levels.
You also visited: Sewer.

You collected 160 gold pieces.

Inventory:

Armour
 a - a +1 robe (worn)
 b - a +0 hat (worn)
Jewellery
 c - an amulet of guardian spirit (around neck)
 h - a cursed ring of teleportation (left hand)
Scrolls
 f - a scroll of identify
 g - 2 scrolls of magic mapping
Comestibles
 d - 3 rations {!d}
 i - 4 chunks of flesh


   Skills:
 - Level 3.0 Fighting
 + Level 3.4 Dodging
 - Level 2.0 Stealth
 * Level 4.1 Unarmed Combat
   Level 2.6 Invocations


You had 3 spell levels left.
You didn't know any spells.
Your spell library was empty.

Dungeon Overview and Level Annotations

Branches:
Dungeon (3/12)

Altars:


Innate Abilities, Weirdness & Mutations

You have a pair of horns on your head.
You are immune to rotting.


Message History

The ball python bites you but does no damage.
The ball python grabs you. The ball python constricts you.
A leopard gecko comes into view.
A giant cockroach comes into view.
The ball python closely misses you. The ball python constricts you.
The leopard gecko moves out of view.
Your unstable footing causes you to fumble your attack.
The ball python bites you but does no damage.
The ball python constricts you.
As you read the scroll of teleportation, it crumbles to dust.
You feel strangely unstable.
The ball python bites you but does no damage.
The ball python constricts you. The adder barely misses you.
The adder bites you.
* * * LOW HITPOINT WARNING * * *
You are lethally poisoned!
The adder poisons you! The ball python misses you.
The ball python constricts you.
It was a potion of might.
You feel very mighty all of a sudden.
You die...

#≈≈#
#≈≈#
#≈.#
#≈s#
#≈≈#
#≈l#
#lS#
#≈@##


#lSS# ##.≈# #≈≈# #≈≈. ##≈≈# ≈l≈ ≈≈≈≈ #≈≈≈≈ You could see 2 adders, 4 leopard
geckos, a giant cockroach and a ball python.

Vanquished Creatures
  3 gnolls
  An adder (D:2)
  A shadow imp (D:2)
  An ooze (D:1)
  2 worms
  2 leopard geckos
  2 orcs (D:3)
  5 bats
  2 goblins
  3 hobgoblins (D:1)
  2 frilled lizards (D:1)
  4 kobolds
  7 rats
35 creatures vanquished.

Notes
Turn   | Place    | Note
-------+----------+-------------------------------------------
     0 | D:1      | RedPan the Demonspawn Monk began the quest for the Orb.
     0 | D:1      | Reached XP level 1. HP: 18/18 MP: 2/2
   196 | D:1      | Reached skill level 3 in Unarmed Combat
   701 | D:1      | Gained mutation: You have a pair of small horns on your
                  | head. [demonic ancestry]
   701 | D:1      | Reached XP level 2. HP: 24/24 MP: 4/4
  1309 | D:2      | Gained mutation: You are immune to rotting. [demonic
                  | ancestry]
  1309 | D:2      | Reached XP level 3. HP: 11/29 MP: 5/5
  2483 | D:2      | Reached skill level 4 in Unarmed Combat
  2483 | D:2      | Gained mutation: You have a pair of horns on your head.
                  | [demonic ancestry]
  2483 | D:2      | Reached XP level 4. HP: 35/35 MP: 6/6
  2769 | D:3      | Found a glowing drain.
  2801 | Sewer    | Entered a sewer
  2810 | Sewer    | HP: 1/35 [adder (2)]
  2811 | Sewer    | Succumbed to an adder's poison

Skill      XL: |  1  2  3 |
---------------+----------+-----
Unarmed Combat | 3 4 |  4.1
Dodging        | 3 |  3.4
Fighting       | |  3.0
Stealth        | |  2.0
Invocations    | |  2.6

Action                   |  1- 3 |  4- 6 || total
-------------------------+-------+-------++-------
Melee: Unarmed           |   118 |    34 ||   152
       Headbutt          |     8 |     7 ||    15
       Punch             |     1 |       ||     1
  Use: Scroll            |     2 |     5 ||     7
       Potion            |       |     1 ||     1
 Stab: Sleeping          |     3 |       ||     3
  Eat: Chunk             |     1 |     1 ||     2
       Ration            |     1 |       ||     1
Armor: Robe              |    20 |    12 ||    32
Dodge: Dodged            |    70 |    33 ||   103
